Map: Torches LE

Players

jeannysu - Winner!

  • Race: Zerg Zerg
  • Spawn Location: 1:00

VOD

Have the link to the VOD?

Description

Time

  • Played on: Sept. 2, 2025, 5:38 a.m.
  • Length: 21:53
Show
View Real Time Build Order
Export as new Build Order

jeannysu Zerg - Winner!

Build Orders:  

Get SALT Encoding   

  12  0:01  Drone  
  13  0:17  Overlord  
  13  0:23  Drone  
  14  0:42  Drone x2  
  16  1:09  Hatchery  
  15  1:12  Drone  
  15  1:18  Drone  
  17  1:26  Drone  
  18  1:38  Extractor  
  17  1:47  Spawning Pool  
  16  1:50  Drone  
  16  1:55  Drone  
  18  2:02  Drone  
  19  2:29  Drone  
  20  2:53  Zergling x4  
  20  2:54  Drone  
  20  2:56  Queen x2  
  27  3:17  Drone  
  28  3:25  Hatchery  
  27  3:32  Overlord  
  27  3:57  Queen  
  29  4:01  Drone  
  29  4:02  Drone  
  31  4:12  Drone x2  
  31  4:14  Drone  
  34  4:21  Overlord  
  34  4:36  Metabolic Boost  
  34  4:44  Drone  
  34  4:45  Drone  
  34  4:47  Drone x2  
  38  4:54  Drone  
  38  4:55  Drone  
  38  4:56  Drone  
  38  4:57  Overlord  
  41  5:12  Drone x2  
  41  5:17  Queen  
  41  5:18  Drone  
  46  5:22  Drone x3  
  46  5:27  Drone x3  
  52  5:31  Overlord  
  52  5:48  Zergling x6  
  52  5:49  Zergling x2  
  58  6:00  Queen  
  58  6:02  Drone  
  58  6:03  Drone  
  58  6:05  Overlord  
  62  6:23  Drone x4  
  62  6:27  Overlord x2  
  66  6:37  Drone  
  66  6:38  Drone x2  
  67  6:42  Zergling x2  
  67  6:43  Zergling x4, Extractor  
  67  6:44  Zergling x4  
  67  6:45  Extractor  
  70  6:52  Lair  
  70  7:08  Queen  
  70  7:09  Queen  
  74  7:11  Zergling x2  
  74  7:12  Zergling x14  
  74  7:16  Overlord  
  74  7:17  Drone  
  83  7:39  Drone  
  47  7:40  Drone x3  
  87  7:51  Baneling Nest  
  87  7:56  Evolution Chamber  
  87  7:57  Evolution Chamber  
  87  7:58  Queen  
  86  8:04  Zergling x4  
  86  8:05  Zergling x6  
  91  8:23  Extractor  
  91  8:24  Queen  
  91  8:29  Drone x3  
  95  8:43  Drone x3  
  95  8:46  Overlord  
  98  9:11  Hatchery  
  98  9:15  Hydralisk Den  
  96  9:20  Hatchery  
  96  9:25  Zerg Melee Weapons Level 1  
  96  9:26  Zerg Missile Weapons Level 1  
  95  9:34  Centrifugal Hooks  
  95  9:48  Zergling x2  
  95  9:49  Zergling x20  
  106  9:51  Overlord x5  
  106  9:57  Infestation Pit  
  105  10:00  Nydus Network  
  105  10:07  Extractor  
  103  10:10  Extractor  
  103  10:11  Hydralisk  
  103  10:12  Hydralisk  
  103  10:13  Overlord x3  
  103  10:14  Overlord x5  
  106  10:25  Hydralisk  
  108  10:43  Drone  
  108  10:46  Drone x4  
  113  10:54  Hydralisk x2  
  113  10:55  Hydralisk x2  
  121  11:05  Baneling  
  121  11:06  Baneling  
  121  11:07  Baneling  
  121  11:18  Unknown  
  121  11:43  Drone x3  
  121  11:44  Queen  
  126  11:54  Baneling x6  
  126  11:55  Baneling x4  
  126  11:58  Zergling x2  
  126  11:59  Zergling x32  
  73  12:00  Zergling x2  
  143  12:01  Queen  
  143  12:05  Overseer x3  
  143  12:09  Hive  
  146  12:25  Drone x2  
  146  12:27  Drone  
  149  12:48  Unknown  
  123  13:02  Zergling x2  
  123  13:03  Zergling x20, Hydralisk  
  123  13:04  Hydralisk x6  
  123  13:05  Queen  
  126  13:14  Hydralisk x2  
  126  13:15  Hydralisk x3  
  128  13:40  Zergling x2  
  128  13:41  Zergling x12  
  128  13:42  Zergling x4  
  128  13:44  Drone  
  128  13:46  Drone x2  
  128  13:47  Drone  
  141  14:04  Drone  
  141  14:05  Drone x6  
  148  14:13  Zerg Melee Weapons Level 2, Zerg Missile Weapons Level 2  
  148  14:31  Zergling x2  
  148  14:32  Zergling x22  
  148  14:33  Zergling x2, Baneling  
  148  14:34  Baneling x6  
  148  14:35  Baneling x8  
  161  15:02  Pneumatized Carapace  
  161  15:05  Overlord x2  
  161  15:07  Infestor x2  
  161  15:08  Zergling x6  
  161  15:09  Zergling x20  
  178  15:19  Adrenal Overload  
  178  15:26  Zergling x2  
  178  15:27  Zergling x22  
  178  15:28  Zergling x2  
  191  15:51  Drone x2  
  191  15:52  Drone x7  
  191  15:54  Unknown  
  191  15:58  Extractor  
  199  16:00  Extractor  
  199  16:06  Baneling  
  199  16:07  Baneling x2  
  199  16:08  Baneling x7  
  199  16:09  Baneling  
  198  16:14  Hydralisk  
  161  17:00  Zergling x2  
  161  17:01  Zergling x20  
  161  17:02  Zergling x42  
  173  17:14  Hydralisk  
  173  17:15  Hydralisk x7  
  176  17:47  Zerg Melee Weapons Level 3, Zerg Missile Weapons Level 3  
  168  17:54  Overlord x3  
  143  18:10  Zergling x2  
  143  18:11  Zergling x16  
  143  18:14  Zergling x2  
  143  18:15  Zergling x16  
  143  18:16  Zergling x8  
  163  18:34  Zergling x2  
  163  18:35  Zergling x20  
  172  19:02  Zergling x12  
  172  19:03  Zergling x14  
  184  19:22  Burrow  
  184  19:36  Nydus Canal  
  183  19:41  Zergling x2  
  183  19:42  Zergling x32  
  190  20:54  Zergling x2  
  190  20:55  Zergling x22  
  190  20:56  Zergling x2  
  200  21:13  Nydus Canal  
Tags
 
Matchup
Co-op
Replay Pack
새 폴더
Add a new tag
Caveats
  • Supply blocks, unpowered buildings, or Contaminate may cause inaccurate times.
  • Supply counts are checked every 10 seconds.